Map: Terraform LE (Void)

Players

ImotoFantasy

  • Race: Protoss Protoss
  • League: Platinum

JeongnWild - Winner!

  • Race: Zerg Zerg
  • League: Platinum

VOD

Have the link to the VOD?

Description

Time

  • Played on: Oct. 26, 2015, 12:50 a.m.
  • Length: 9:16
Show
View Real Time Build Order
Export as new Build Order

ImotoFantasy Protoss 

Build Orders: Nexus First 

Get SALT Encoding   

  12  0:00  Probe (Chrono Boost)  
  13  0:11  Probe (Chrono Boost)  
  14  0:18  Pylon  
  14  0:22  Probe (Chrono Boost)  
  15  0:36  Probe (Chrono Boost)  
  16  0:46  Probe (Chrono Boost)  
  17  0:58  Probe (Chrono Boost)  
  18  1:04  Nexus  
  18  1:09  Probe (Chrono Boost)  
  19  1:20  Pylon  
  19  1:22  Probe (Chrono Boost)  
  20  1:34  Probe (Chrono Boost)  
  20  1:36  Assimilator  
  20  1:39  Gateway  
  21  1:47  Pylon  
  21  1:51  Probe (Chrono Boost)  
  22  1:55  Assimilator  
  22  2:02  Probe (Chrono Boost)  
  23  2:12  Probe (Chrono Boost)  
  24  2:24  Probe (Chrono Boost)  
  24  2:25  Probe (Chrono Boost)  
  25  2:31  Cybernetics Core  
  25  2:32  Zealot  
  25  2:35  Probe x2 (Chrono Boost)  
  29  2:45  Probe (Chrono Boost)  
  29  2:46  Probe (Chrono Boost)  
  31  2:56  Probe x2 (Chrono Boost)  
  33  3:00  Zealot  
  35  3:07  Mothership Core (Chrono Boost), Probe (Chrono Boost)  
  38  3:15  Pylon  
  38  3:17  Probe (Chrono Boost)  
  39  3:26  Probe (Chrono Boost)  
  40  3:28  Probe (Chrono Boost)  
  40  3:29  Zealot  
  43  3:34  Stargate  
  43  3:36  Probe (Chrono Boost)  
  44  3:43  Probe (Chrono Boost)  
  44  3:47  Probe (Chrono Boost)  
  46  3:54  Probe (Chrono Boost)  
  47  3:56  Zealot  
  47  3:57  Probe (Chrono Boost)  
  47  3:59  Nexus  
  47  4:02  Pylon x2  
  50  4:06  Probe (Chrono Boost)  
  50  4:08  Probe (Chrono Boost)  
  52  4:12  Assimilator  
  52  4:13  Assimilator  
  52  4:18  Void Ray (Chrono Boost)  
  52  4:23  Pylon  
  52  4:24  Probe  
  56  4:25  Probe  
  58  4:32  Pylon  
  58  4:35  Zealot  
  58  4:56  Void Ray (Chrono Boost)  
  62  5:05  Probe  
  62  5:07  Probe  
  58  5:10  Forge  
  56  5:18  Pylon  
  54  5:22  Zealot  
  56  5:31  Probe  
  56  5:32  Probe  
  56  5:33  Probe, Void Ray (Chrono Boost)  
  63  5:37  Cybernetics Core  
  63  5:44  Photon Cannon  
  63  5:49  Photon Cannon  
  63  5:52  Photon Cannon  
  63  5:53  Photon Cannon  
  63  5:55  Probe  
  64  5:59  Photon Cannon  
  64  6:00  Probe  
  64  6:01  Probe  
  64  6:04  Pylon  
  66  6:06  Probe  
  66  6:10  Probe  
  67  6:13  Void Ray (Chrono Boost)  
  67  6:16  Mothership Core  
  67  6:18  Fleet Beacon  
  72  6:21  Probe x2  
  72  6:23  Assimilator  
  72  6:25  Assimilator  
  76  6:28  Pylon  
  76  6:29  Stargate  
  76  6:31  Pylon, Stargate  
  76  6:34  Stargate  
  76  6:43  Sentry  
  76  6:44  Photon Cannon  
  76  6:45  Photon Cannon  
  76  6:46  Pylon  
  78  6:49  Probe  
  78  6:50  Photon Cannon  
  78  6:51  Probe  
  80  6:55  Probe  
  80  7:00  Probe  
  81  7:02  Photon Cannon  
  81  7:06  Probe x2  
  84  7:18  Carrier (Chrono Boost)  
  96  7:23  Carrier (Chrono Boost)  
  102  7:43  Probe x3  
  111  7:57  Photon Cannon  
  99  8:00  Photon Cannon x2  
  99  8:02  Photon Cannon  
  99  8:05  Photon Cannon  
  95  8:07  Photon Cannon  
  95  8:08  Photon Cannon  
  94  8:14  Pylon  
  94  8:20  Pylon  
  94  8:22  Pylon  
  84  8:55  Pylon  
  84  8:59  Pylon  
  84  9:00  Photon Cannon  
Show
View Real Time Build Order
Export as new Build Order

JeongnWild Zerg - Winner!

Build Orders: Hatch First 

Get SALT Encoding   

  12  0:01  Drone  
  13  0:12  Overlord  
  13  0:17  Drone  
  14  0:23  Drone, Extractor  
  15  0:31  Drone  
  15  0:34  Drone  
  17  0:53  Hatchery  
  17  0:56  Drone  
  17  1:00  Drone  
  18  1:13  Spawning Pool  
  18  1:16  Drone  
  18  1:18  Extractor  
  18  1:21  Drone  
  18  1:28  Drone  
  19  1:40  Overlord  
  19  1:52  Drone  
  20  2:00  Queen  
  23  2:01  Zergling x2  
  23  2:04  Queen  
  23  2:06  Drone  
  26  2:12  Drone  
  27  2:17  Drone  
  28  2:23  Drone  
  28  2:27  Drone  
  30  2:35  Drone  
  30  2:36  Extractor  
  30  2:39  Roach Warren  
  30  2:41  Drone  
  30  2:47  Drone  
  30  2:50  Drone  
  32  2:55  Overlord  
  32  2:59  Overlord  
  32  3:15  Overlord  
  32  3:19  Roach x3  
  38  3:21  Roach x3  
  38  3:22  Roach  
  38  3:25  Drone  
  47  3:32  Drone  
  48  3:36  Drone  
  49  3:45  Overlord, Drone  
  50  3:50  Drone x5  
  50  3:54  Overlord  
  55  4:07  Lair  
  55  4:14  Ravager x4  
  59  4:18  Drone x3  
  59  4:19  Drone  
  59  4:20  Drone x3  
  59  4:24  Queen  
  66  4:25  Extractor  
  67  4:49  Drone x3  
  67  4:50  Drone  
  71  4:52  Hatchery  
  71  4:53  Extractor  
  63  5:22  Drone x9, Spire  
  63  5:23  Drone x2  
  63  5:26  Overlord  
  73  5:31  Queen  
  73  5:34  Overlord  
  75  5:36  Overseer  
  75  5:52  Drone  
  75  5:53  Drone x4  
  80  6:05  Queen  
  80  6:06  Overlord  
  82  6:15  Extractor  
  82  6:16  Extractor  
  80  6:26  Overlord x2  
  80  6:28  Hatchery  
  79  6:35  Zerg Flyer Weapons Level 1  
  79  6:45  Mutalisk x9  
  97  6:48  Mutalisk  
  97  6:53  Overlord  
  99  7:02  Drone  
  99  7:03  Drone x2  
  99  7:07  Overlord  
  99  7:08  Overlord  
  102  7:09  Hatchery, Drone x2  
  102  7:10  Drone x3, Mutalisk  
  102  7:11  Mutalisk x2  
  102  7:13  Mutalisk  
  114  7:16  Overseer  
  114  7:18  Overlord x2  
  114  7:23  Drone  
  114  7:24  Drone  
  114  7:25  Drone x2  
  118  7:36  Mutalisk x3  
  124  7:44  Mutalisk  
  124  7:47  Drone  
  124  7:48  Drone x2, Queen  
  131  7:54  Hatchery  
  126  8:01  Mutalisk  
  126  8:02  Mutalisk x2  
  126  8:04  Drone  
  126  8:05  Drone x5  
  138  8:06  Mutalisk  
  138  8:08  Extractor x2  
  136  8:26  Mutalisk x3  
  132  8:32  Mutalisk  
  138  8:37  Mutalisk  
  130  8:50  Mutalisk x2  
  130  8:52  Zergling x8  
  130  8:53  Zergling x18  
Tags
 
Add a new tag
Caveats
  • Supply blocks, unpowered buildings, or Contaminate may cause inaccurate times.
  • Supply counts are checked every 10 seconds.